 Dungeon Crawl Stone Soup version 0.21.1-68-g103a7afc0a (webtiles) character file.

60 Pisosu the Bolt Thrower (level 3, -1/30 HPs)
             Began as a Minotaur Hunter on Aug 2, 2018.
             Succumbed to Pieper's ghost's poison
             ... on level 2 of the Dungeon.
             The game lasted 00:09:27 (1954 turns).

Pisosu the Bolt Thrower (Minotaur Hunter)           Turns: 1954, Time: 00:09:28

Health: -1/30      AC:  5    Str: 16    XL:     3   Next: 80%
Magic:  2/2        EV: 12    Int:  8    God:
Gold:   78         SH:  0    Dex: 15    Spells: 2/2 levels left

rFire    . . .     SeeInvis .   i - +1 hand axe (chop)
rCold    . . .     Gourm    .   (no shield)
rNeg     . . .     Faith    .   p - +0 ring mail
rPois    .         Spirit   .   (helmet restricted)
rElec    .         Reflect  .   (no cloak)
rCorr    .         Harm     .   (no gloves)
MR       .....     Rnd*Tele +   (no boots)
Stlth    +.........             (no amulet)
HPRegen  0.10/turn              h - +4 ring of dexterity
MPRegen  0.08/turn              u - ring of teleportation (curse)

@: lethally poisoned (-1 -> -35)
A: retaliatory headbutt, horns 2
a: no special abilities


You were on level 2 of the Dungeon.
You were not hungry.

You visited 1 branch of the dungeon, and saw 3 of its levels.

You collected 78 gold pieces.

Inventory:

Hand Weapons
 a - a +1 hand crossbow
 b - a +0 short sword
 i - a +1 hand axe of chopping (weapon)
 o - a +0 scimitar
Missiles
 d - 28 bolts
Armour
 c - a +0 leather armour
 p - a +0 ring mail (worn)
Jewellery
 h - a +4 ring of dexterity (left hand)
 u - a cursed ring of teleportation (right hand)
Scrolls
 e - 2 scrolls of teleportation
 j - a scroll of fear {unknown}
 l - a scroll of enchant weapon {unknown}
 m - a scroll of noise {unknown}
 n - a scroll of amnesia {unknown}
 q - a scroll of immolation {unknown}
 r - 2 scrolls of identify {unknown}
 t - a scroll of remove curse {unknown}
Potions
 g - a potion of ambrosia {unknown}
 k - 2 potions of mutation {unknown}
 s - a potion of degeneration {unknown}
 v - a potion of curing {unknown}
 w - a potion of agility {unknown}
Comestibles
 f - 3 rations


   Skills:
 + Level 2.9 Fighting
 + Level 1.4 Axes
 + Level 5.2 Crossbows
 + Level 1.2 Armour
 + Level 2.5 Dodging
 - Level 0.7 Stealth


You had 2 spell levels left.
You didn't know any spells.

Dungeon Overview and Level Annotations

Branches:
Dungeon (3/15)

Altars:
Xom
Zin

Annotations:
D:3 Pieper's ghost, amateur GrFi


Innate Abilities, Weirdness & Mutations

You reflexively headbutt those who attack you in melee.
You have a pair of horns on your head.


Message History

The ball python constricts you. The giant cockroach barely misses you.
The hobgoblin hits you but does no damage.
You escape the ball python's grasp.
You feel sick. Pieper's ghost barely misses you.
You feel sick. Pieper's ghost hits you.
* * * LOW HITPOINT WARNING * * *
* * * LOW HITPOINT WARNING * * *
You feel sick.
Pieper's ghost hits you but does no damage.
You are more poisoned.
There is a stone staircase leading up here.
* * * LOW HITPOINT WARNING * * *
You feel sick. The giant cockroach closely misses you.
The hobgoblin barely misses you.
The giant cockroach bites you but does no damage.
Pieper's ghost hits you.
* * * LOW HITPOINT WARNING * * *
You are more poisoned.
You climb upwards.
You die...

####.##..#########..#.#
#.....#....#......<.#.#
#.....#.##.#.########.#
#.....#.##..........#.#
#.......####.######.#.#
######..####.# #.#.#
#.......# #.#.#
##..######## #.#.##
#.g@s......# #.#...
##.#........####.####
#...........'.......)
#..#........####.####
#..#........##...#...
#..#........##.###.##
#..#........##.....#
#..#........########
#..##########


You could see a giant cockroach and a hobgoblin.

Vanquished Creatures
  2 adders
  2 worms (D:2)
  A dart slug (D:1)
  A leopard gecko (D:2)
  3 giant cockroaches
  2 goblins (D:2)
  4 hobgoblins (D:1)
  A quokka (D:2)
  7 bats
  2 frilled lizards
  7 kobolds
  3 rats
35 creatures vanquished.

Notes
Turn   | Place    | Note
-------+----------+-------------------------------------------
     0 | D:1      | Pisosu the Minotaur Hunter began the quest for the Orb.
     0 | D:1      | Reached XP level 1. HP: 18/18 MP: 0/0
   115 | D:1      | Found a shimmering altar of Xom.
   117 | D:1      | Found a glowing silver altar of Zin.
   117 | D:1      | Found a hazy altar of Hepliaklqana.
   122 | D:1      | Found a blossoming altar of Fedhas.
   122 | D:1      | Found a radiant altar of Vehumet.
   122 | D:1      | Found a bloodstained altar of Trog.
   349 | D:1      | Reached XP level 2. HP: 25/25 MP: 1/1
   826 | D:2      | Reached skill level 5 in Crossbows
   864 | D:2      | Reached XP level 3. HP: 27/30 MP: 2/2
  1106 | D:2      | Reached skill level 1 in Axes
  1381 | D:2      | Found a faded altar of an unknown god.
  1861 | D:3      | Noticed Pieper's ghost (amateur GrFi)
  1863 | D:3      | Reached skill level 1 in Armour
  1954 | D:2      | Succumbed to Pieper's ghost's poison

Skill      XL: |  1  2  3 |
---------------+----------+-----
Crossbows      | 5 |  5.2
Axes           | 1 |  1.4
Armour         | 1 |  1.2
Fighting       | |  2.9
Dodging        | |  2.5
Stealth        | |  0.7

Action                   || total
-------------------------++-------
Melee: Hand axe          ||    69
       Headbutt          ||     3
 Fire: Hand crossbow     ||     9
  Use: Scroll            ||     1
 Stab: Sleeping          ||     1
  Eat: Chunk             ||     3
Armor: Leather armour    ||     5
       Ring mail         ||    29
Dodge: Dodged            ||    53
